 Dungeon Crawl Stone Soup version 0.30.1-4-g462c640d31 (webtiles) character file.

Game seed: 13486041241160450279

5030 mortz the Destroyer (level 10, -9/63 HPs)
             Began as a Human Conjurer on Sept 9, 2023.
             Was a Believer of Sif Muna.
             Shot with an arrow by a centaur warrior (23 damage)
             ... on level 8 of the Dungeon.
             The game lasted 00:52:08 (10445 turns).

mortz the Destroyer (Human Conjurer)               Turns: 10445, Time: 00:52:08

Health: -9/63      AC:  7    Str:  8    XL:     10   Next: 85%
Magic:  18/21      EV: 13    Int: 22    God:    Sif Muna [**....]
Gold:   524        SH:  0    Dex: 12    Spells: 17/24 levels left

rFire   . . .        E - staff of conjuration
rCold   + . .        (no shield)
rNeg    . . .        y - +2 robe {rC+}
rPois   .            (no helmet)
rElec   .            F - +0 cloak
rCorr   .            K - +0 pair of gloves
SInv    .            w - +0 pair of boots
Will    .....        (no amulet)
Stlth   +++          (no ring)
HPRegen 0.30/turn    (no ring)
MPRegen 0.17/turn

%: no passive effects
@: no status effects
A: no striking features
a: Renounce Religion, Channel Magic


You were on level 8 of the Dungeon.
You worshipped Sif Muna.
Sif Muna was pleased with you.
You visited 2 branches of the dungeon, and saw 9 of its levels.

You collected 524 gold pieces.

Inventory:

Hand Weapons
 d - a +3 spear
 k - a +4 dagger of speed
 m - a +0 heavy sling
 u - a +1 heavy spear
 x - a +4 dagger
 G - a +3 scimitar of flaming
 N - a +3 morningstar
 R - a +0 dagger of electrocution
Missiles
 C - 9 atropa-tipped darts
Armour
 j - a +0 leather armour
 w - a +0 pair of boots (worn)
 y - a +2 robe of cold resistance (worn)
 F - a +0 cloak (worn)
 I - an orb of wrath
 K - a +0 pair of gloves (worn)
Magical Staves
 E - a staff of conjuration (weapon)
Jewellery
 z - a ring of flight
 M - an amulet of reflection
 T - an amulet of guardian spirit
Wands
 B - a wand of mindburst (9)
 H - a wand of flame (19)
 J - a wand of charming (24)
 L - a wand of polymorph (10)
 S - a wand of light (13)
Scrolls
 c - a scroll of noise {unknown}
 e - a scroll of fear {unknown}
 i - 3 scrolls of teleportation
 l - a scroll of magic mapping {unknown}
 n - 3 scrolls of amnesia {unknown}
 q - a scroll of blinking {unknown}
 t - 2 scrolls of vulnerability {unknown}
 v - 2 scrolls of fog {unknown}
 A - 2 scrolls of enchant armour {unknown}
 D - 2 scrolls of immolation {unknown}
 O - a scroll of brand weapon {unknown}
Potions
 a - 2 potions of mutation
 b - a potion of magic
 g - 6 potions of curing
 h - 3 potions of lignification
 o - a potion of heal wounds
 p - 2 potions of flight
 r - a potion of attraction
 s - 2 potions of haste
 P - a potion of invisibility
 Q - a potion of ambrosia {unknown}


   Skills:
 + Level 4.9 Dodging
 + Level 5.4 Stealth
 * Level 7.5 Spellcasting
 * Level 9.3 Conjurations
 * Level 6.4 Translocations
 * Level 4.1 Invocations


You had 17 spell levels left.
You knew the following spells:

 Your Spells              Type           Power      Damage    Failure   Level
a - Magic Dart            Conj           100%       1d8       1%          1
b - Searing Ray           Conj           100%       2d8       1%          2
c - Iskenderun's Mystic   Conj/Tloc      59%        2d12      3%          4

Your spell library contained the following spells:

 Spells                   Type           Power      Damage    Failure   Level
 Dazzling Flash           Conj/Hex       86%        N/A       3%          3
 Cigotuvi's Dreadful Rot  Necr/Pois/Air  16%        N/A       12%         2
 Sublimation of Blood     Necr           8%         N/A       12%         2
 Wereblood                Tmut           8%         N/A       12%         2
 Fulminant Prism          Conj/Hex       21%        3d12      12%         4
 Ignite Poison            Fire/Tmut/Pois 8%         N/A       24%         3
 Freezing Cloud           Conj/Ice/Air   16%        6-21      52%         5
 Summon Hydra             Summ           4%         N/A       100%        7


Dungeon Overview and Level Annotations

Branches:
Dungeon (8/15)             Temple (1/1) D:6
   Lair: D:8-11

Altars:
Ashenzari
Cheibriados
Dithmenos
Elyvilon
Fedhas
Gozag
Hepliaklqana
Kikubaaqudgha
Makhleb
Nemelex Xobeh
Okawaru
Qazlal
Ru
Sif Muna
Trog
Uskayaw
Vehumet
Wu Jian
Xom
Yredelemnul
Zin
The Shining One

Shops:
D:2 (

Annotations:
D:8 1 exclusion


Message History

The centaur warrior is caught in the net!
The centaur warrior struggles against the net.
You feel a surge of power!
The magic dart hits the centaur warrior but does no damage.
The centaur warrior struggles against the net. x2
The net rips apart, and the centaur warrior comes free!
You feel a surge of power!
The magic dart hits the centaur warrior.
The centaur warrior is lightly wounded.
Throw: 9 darts (atropa)
Press: ? - help, Shift-Dir - straight line, p - centaur warrior You can't see that place. [a rock wall.]
Okay, then.
You feel a surge of power!
The magic dart hits the centaur warrior.
The centaur warrior is lightly wounded.
The centaur warrior shoots an arrow.
The arrow hits you!
Casting: Magic Dart (safe; 1% risk of failure)
Confirm with . or Enter, or press ? or * to list all spells.
You can't see any susceptible monsters within range! (Use Z to cast anyway.) Unknown command.
Casting: Magic Dart (safe; 1% risk of failure)
Confirm with . or Enter, or press ? or * to list all spells.
Okay, then.
You feel a surge of power!
The magic dart hits the centaur warrior.
The centaur warrior is lightly wounded.
The centaur warrior shoots an arrow.
The arrow hits you!!
You start putting on your amulet.
You continue putting on your amulet of reflection.
The centaur warrior shoots an arrow.
Keep equipping yourself?
Uppercase [Y]es or [N]o only, please.
Keep equipping yourself?
The arrow hits you.
The centaur warrior shoots an arrow.
The arrow hits you.
* * * LOW HITPOINT WARNING * * *
You continue putting on your amulet of reflection.
The centaur warrior shoots an arrow.
The arrow hits you!!
You die...

##.## ####.########...#### #.#
#........# #...# #Y# #.##.###.#
##<## #'# #.##.# #.# #.# ...
#.##.# #.# #.# ..... #.##.# #.#
#.####### ..[.... #.#..# #.#
#.......##
......Y.###....###.#######†..#.##
........'..c....@....>..........'
.c..Y.YY####...###########...#.##
####..# ##.##.##
#.....###############.#
#.###...........u...).# #.#
#########.########## #.# ♣.~♣ ##.
#.# ~~≈~♣ #.. #.# ~♣.~♣♣ #..


You could see a centaur warrior.

Vanquished Creatures
  Erica (D:8)
  A two-headed ogre (D:8)
  An ugly thing (D:8)
  A manticore (D:8)
  Grinder (D:6)
  A hornet (D:7)
  A yak (D:8)
  A wraith (D:5)
  Eustachio (D:6)
  2 steam dragons
  An orc warrior (D:8)
  2 black bears
  An ice beast (D:4)
  An ogre (D:5)
  3 bullfrogs
  A gnoll sergeant (D:5)
  2 scorpions
  5 wights (D:6)
  3 killer bees (D:8)
  3 howler monkeys
  A gnoll bouda (D:5)
  4 jellies
  An orc priest (D:4)
  Crazy Yiuf (D:5)
  4 iguanas
  2 orc wizards
  15 gnolls
  6 adders
  A shadow imp (D:5)
  4 white imps
  2 ufetubi
  6 worms
  2 dart slugs
  30 orcs
  5 ball pythons
  6 bats
  8 endoplasms
  A giant cockroach (D:1)
  8 goblins
  4 hobgoblins
  8 jackals (D:4)
  6 kobolds
  A quokka (D:4)
  A frilled lizard (D:3)
  5 rats
165 creatures vanquished.

Notes
Turn   | Place    | Note
-------+----------+-------------------------------------------
     0 | D:1      | mortz the Human Conjurer began the quest for the Orb.
     0 | D:1      | Reached XP level 1. HP: 13/13 MP: 3/3
   161 | D:1      | Reached XP level 2. HP: 16/19 MP: 0/5
   533 | D:1      | Learned a level 2 spell: Searing Ray
   655 | D:1      | Reached XP level 3. HP: 24/24 MP: 0/6
   964 | D:2      | You fall into a shaft and drop 2 floors!
  1298 | D:2      | Reached XP level 4. HP: 30/30 MP: 3/7
  1697 | D:2      | Found a faded altar of an unknown god.
  1764 | D:2      | Found Ucurph's Weapon Boutique.
  1777 | D:2      | Reached skill level 5 in Conjurations
  2471 | D:3      | Reached skill level 1 in Translocations
  2471 | D:3      | Reached XP level 5. HP: 33/35 MP: 3/8
  3433 | D:4      | Noticed an ice beast
  3439 | D:4      | Killed an ice beast
  3440 | D:4      | Reached XP level 6. HP: 41/41 MP: 1/10
  3533 | D:4      | Found a broken altar of Ashenzari.
  4177 | D:4      | Found an iron altar of Okawaru.
  4177 | D:4      | Found a shimmering blue altar of Sif Muna.
  4659 | D:5      | Entered Level 5 of the Dungeon
  4665 | D:5      | Noticed a black bear
  4676 | D:5      | Killed a black bear
  4677 | D:5      | Reached skill level 6 in Conjurations
  4677 | D:5      | Reached XP level 7. HP: 23/46 MP: 3/12
  4703 | D:4      | Became a worshipper of Sif Muna the Loreminder
  5143 | D:5      | Found a radiant altar of Vehumet.
  5570 | D:5      | Noticed a wraith
  5677 | D:5      | Noticed a steam dragon
  5686 | D:5      | Killed a steam dragon
  5687 | D:5      | Reached XP level 8. HP: 36/52 MP: 3/14
  6105 | D:5      | Killed a wraith
  6106 | D:5      | Reached skill level 7 in Conjurations
  6228 | D:5      | Learned a level 4 spell: Iskenderun's Mystic Blast
  6305 | D:5      | Found a runed translucent door.
  6306 | D:5      | Noticed Crazy Yiuf
  6313 | D:5      | Killed Crazy Yiuf
  6428 | D:6      | Noticed Grinder
  6436 | D:6      | Paralysed by Grinder for 5 turns
  6490 | D:6      | Reached skill level 5 in Spellcasting
  6529 | D:6      | Found a staircase to the Ecumenical Temple.
  6555 | D:6      | Killed Grinder
  6649 | D:6      | Noticed Eustachio
  6669 | D:6      | Reached XP level 9. HP: 52/57 MP: 9/17
  6813 | Temple   | Entered the Ecumenical Temple
  6876 | D:6      | Killed Eustachio
  7310 | D:6      | Reached * piety under Sif Muna
  7429 | D:6      | Reached skill level 8 in Conjurations
  8520 | D:7      | Reached skill level 5 in Translocations
  8932 | D:7      | Noticed a hornet
  8944 | D:7      | Killed a hornet
  8945 | D:7      | Reached skill level 1 in Invocations
  9334 | D:8      | Noticed Erica
  9351 | D:8      | Killed Erica
  9352 | D:8      | Reached XP level 10. HP: 15/63 MP: 4/20
  9670 | D:8      | Reached skill level 5 in Stealth
  9823 | D:8      | Reached ** piety under Sif Muna
  9896 | D:8      | Noticed a manticore
  9903 | D:8      | Killed a manticore
  9904 | D:8      | Reached skill level 9 in Conjurations
  9907 | D:8      | Noticed a two-headed ogre
 10073 | D:8      | Killed a two-headed ogre
 10175 | D:8      | Noticed a purple ugly thing
 10215 | D:8      | Killed a purple ugly thing
 10319 | D:8      | Noticed a centaur warrior
 10445 | D:8      | Shot with an arrow by a centaur warrior

Illustrated notes

Levels and vault maps discovered:
D:1:      minmay_arrival_loop, layout_rooms, dk_noncrumbling_2
D:2:      layout_loops_ring, serial_shops, nicolae_shop_tiny_real_fake_doors,
          shapermc_ecumenical_altar_mp_urbaneastern
D:3:      layout_loops_cross, nicolae_concentric_dashed_squares_wild
D:4:      layout_basic, mainiacjoe_overflow_cross_hatched,
          nicolae_overflow_hidden_temple, serial_corexii_hall,
          corexii_hall_statues_deadend, corexii_hall_statues_t,
          corexii_hall_statues_l, chequers_hall_statues_y, hex_medium
D:5:      layout_loops_cross, nicolae_vehumet_radiance, uniq_crazy_yiuf_cottage
D:6:      layout_basic, temple_doors_ab, cheibrodos_sewer_entry_bend,
          uniq_eustachio, uniq_grinder
D:7:      layout_basic
D:8:      nzn_winding_woodlands_cross [nzn_winding_woodlands_5x15_sawtooth,
          nzn_winding_woodlands_5x15_lazy_stream,
          nzn_winding_woodlands_5x15_concentric,
          nzn_winding_woodlands_5x15_pool,
          nzn_winding_woodlands_15x15_thick_spiral], layout_loops_corners,
          dilly_guarded_unrand_devastator, uniq_erica
Temple:   regret_index_temple_mists

Skill      XL: |  1  2  3  4  5  6  7  8  9 10 |
---------------+-------------------------------+-----
Conjurations   | 5 6 7 8 9 |  9.3
Translocations | 1 2 3 4 5 6 |  6.4
Stealth        | 3 4 5 |  5.4
Spellcasting   | 3 4 5 6 7 |  7.5
Dodging        | 3 4 |  4.9
Invocations    | 2 4 |  4.1

Action                     |  1- 3 |  4- 6 |  7- 9 | 10-12 || total
---------------------------+-------+-------+-------+-------++-------
  Melee: Unarmed           |     5 |       |       |       ||     5
         Dagger            |     2 |     1 |     1 |       ||     4
         Staff             |       |       |     6 |       ||     6
  Throw: Throwing net      |       |       |       |     1 ||     1
   Cast: Magic Dart        |    49 |    77 |   131 |    12 ||   269
         Searing Ray       |     4 |    23 |    58 |    10 ||    95
         Iskenderun's Myst |       |       |     1 |    10 ||    11
  Evoke: Wand              |       |       |     2 |       ||     2
    Use: Scroll            |     1 |     7 |     4 |       ||    12
         Potion            |       |       |     3 |       ||     3
 Armour: Robe              |     4 |     7 |    12 |     4 ||    27
  Dodge: Dodged            |     8 |    22 |    39 |     5 ||    74
